 Dungeon Crawl Stone Soup version 0.27.0-1-g7a089689b8 (webtiles) character file.

Game seed: 9532871668933217338

133 sanka the Insei (level 4, -2/23 HPs)
             Began as a Spriggan Transmuter on Aug 6, 2021.
             Succumbed to a scorpion's poison
             ... on level 4 of the Dungeon.
             The game lasted 00:06:04 (3977 turns).

sanka the Insei (Spriggan Transmuter)               Turns: 3977, Time: 00:06:04

Health: -2/23      AC:  2    Str:  6    XL:     4   Next: 94%
Magic:  6/9        EV: 20    Int: 14    God:
Gold:   61         SH:  0    Dex: 21    Spells: 4/8 levels left

rFire    . . .     SeeInvis +     - Unarmed
rCold    . . .     Faith    .   (shield currently unavailable)
rNeg     . . .     Spirit   .   (armour currently unavailable)
rPois    x         Reflect  .   (helmet currently unavailable)
rElec    .         Harm     .   (cloak currently unavailable)
rCorr    .         Rampage  .   (gloves unavailable)
Will     .....                  (boots unavailable)
Stlth    ++........             (no amulet)
HPRegen  0.07/turn              (no ring)
MPRegen  0.11/turn              (no ring)

@: lethally poisoned (-2 -> -19), spider-form (expiring)
A: venomous fangs, tiny, no large weapons, unfitting armour, see invisible,
(speed 3)
a: End Transformation


You were on level 4 of the Dungeon.
You were a venomous arachnid creature.
You visited 1 branch of the dungeon, and saw 4 of its levels.

You collected 61 gold pieces.


Innate Abilities, Weirdness & Mutations

You are a venomous arachnid creature.
You have poisonous fangs.
You are tiny and dextrous.
Your spellcasting is less reliable in this form.
Your armour is entirely melded.
You are incapable of wielding weapons or throwing items.
You are very small and have problems with some larger weapons.
You are too small for most types of armour.
You have supernaturally acute eyesight. (SInv)
((You cover ground extremely quickly. (Speed+++)))


   Skills:
 + Level 2.8 Fighting
 - Level 2.6 Dodging
 + Level 3.7 Unarmed Combat
 - Level 2.6 Spellcasting
 - Level 2.6 Transmutations


You had 4 spell levels left.
You knew the following spells:

 Your Spells              Type           Power      Damage    Failure   Level
x - Spider Form           Tmut/Pois      2%         N/A       58%         3
z - Beastly Appendage     Tmut           18%        N/A       21%         1

Your spell library contained the following spells:

 Spells                   Type           Power      Damage    Failure   Level
 Wereblood                Tmut           9%         N/A       26%         2
 Corona                   Hex            1%         N/A       43%         1
 Summon Small Mammal      Summ           4%         N/A       43%         1
 Ensorcelled Hibernation  Hex/Ice        2%         N/A       54%         2
 Call Canine Familiar     Summ           1%         N/A       75%         3
 Summon Guardian Golem    Hex/Summ       1%         N/A       75%         3
 Tukima's Dance           Hex            1%         N/A       75%         3
 Ice Form                 Ice/Tmut       5%         N/A       90%         4

Inventory:

Armour
 b - a +0 robe of willpower (melded)
 p - a +0 cloak (melded)
Wands
 a - a wand of paralysis (5)
 n - a wand of flame (11)
Scrolls
 c - a scroll of identify {unknown}
 e - 2 scrolls of blinking {unknown}
 f - 2 scrolls of vulnerability {unknown}
 h - 2 scrolls of teleportation {unknown}
 j - a scroll of amnesia {unknown}
 k - a scroll of fear {unknown}
 l - a scroll of noise {unknown}
 m - a scroll of enchant weapon {unknown}
Potions
 d - a potion of curing {unknown}
 g - a potion of mutation {unknown}
 i - a potion of might {unknown}
 o - a potion of attraction {unknown}
 q - a potion of brilliance {unknown}

Dungeon Overview and Level Annotations

Branches:
Dungeon (4/15)
 Temple: D:4-7

Altars:

Portals:
Ossuary: D:4

▒▒..▒▒▒+▒▒▒.▒▒▒+▒▒▒..▒
▒...▒▒ ▒▒...▒▒ ▒...▒▒▒
▒▒...▒▒▒.....▒▒▒..▒....
▒.▒..▒....M..▒.....▒
▒.▒▒..▒▒▒'▒▒▒M.....▒
▒.▒▒...▒▒∩▒▒..........
.........▒▒▒..........>
▒▒.▒▒.▒▒..▒..▒▒▒.▒▒.▒.▒
▒.▒..s...).......▒.▒ .
▒..▒▒▒..▒▒▒▒▒..▒ ▒
▒..sl..........▒
▒..▒...▒▒▒▒▒.▒▒▒
▒..▒▒▒▒▒ ▒... ▒▒.▒ ..▒
▒.▒


There were no monsters in sight!


Message History

Okay, then.
There is a stone staircase leading up here.
You climb upwards.
There is a stone staircase leading down here.
This spell is extremely dangerous to cast!
Memorise Spider Form, consuming 3 spell levels and leaving 4?
You finish memorising.
Spell assigned to 'x'.
The spell is extremely dangerous to cast (36% risk of failure)!
Continue anyway?
You turn into a venomous arachnid creature.
You feel less strong-willed.
Your transformation is almost over.
You climb downwards.
You hear the hiss of flowing sand.
There is an entrance to an ossuary on this level.
Hurry and find it before the portal is buried!
The iguana completely misses you. The iguana bites you!
There is a stone staircase leading up here.
Unknown command.
An endoplasm comes into view.
You hit the iguana.
The iguana is poisoned.
The iguana is lightly wounded.
The iguana bites you!
* * * LOW HITPOINT WARNING * * *
The scorpion stings you.
* * * LOW HITPOINT WARNING * * *
You are lethally poisoned!
The scorpion poisons you!
You die...

Action                   |  1- 3 |  4- 6 || total
-------------------------+-------+-------++-------
Melee: Unarmed           |   152 |    95 ||   247
       Kick              |    30 |    16 ||    46
       Headbutt          |    16 |     9 ||    25
       Punch             |     1 |       ||     1
 Cast: Beastly Appendage |    26 |    12 ||    38
       Spider Form       |       |     1 ||     1
 Stab: Sleeping          |       |     1 ||     1
Armor: Robe              |    10 |     7 ||    17
Dodge: Dodged            |   107 |    69 ||   176

Levels and vault maps discovered:
D:1:      dpeg_arrival_windows_large_door, layout_loops_ring,
          basic_ecumenical_altar, minmay_heptomino_o4
D:2:      layout_basic, minmay_bisected
D:3:      layout_basic
D:4:      layout_basic, dancing_weapons_uskayaw, nicolae_ossuary_entry_giza,
          minmay_fractal_squares_diagonal_5

Notes
Turn   | Place    | Note
-------+----------+-------------------------------------------
     0 | D:1      | sanka the Spriggan Transmuter began the quest for the Orb.
     0 | D:1      | Reached XP level 1. HP: 9/9 MP: 5/5
   116 | D:1      | Reached skill level 1 in Fighting
   413 | D:1      | Reached XP level 2. HP: 12/14 MP: 4/6
   677 | D:1      | Found a faded altar of an unknown god.
  1555 | D:2      | Reached skill level 3 in Unarmed Combat
  1555 | D:2      | Reached XP level 3. HP: 9/18 MP: 8/8
  1788 | D:2      | Reached skill level 2 in Fighting
  2174 | D:2      | Reached XP level 4. HP: 23/23 MP: 7/9
  3922 | D:4      | Noticed a scorpion
  3950 | D:4      | Found a sand-covered staircase.
  3971 | D:3      | Learned a level 3 spell: Spider Form
  3976 | D:4      | HP: 2/23 [scorpion (2)]
  3977 | D:4      | Succumbed to a scorpion's poison

Vanquished Creatures
  5 adders
  3 worms (D:2)
  2 dart slugs (D:2)
  3 orcs (D:3)
  3 ball pythons
  4 bats
  4 endoplasms
  5 giant cockroaches
  5 goblins
  8 hobgoblins
  10 jackals
  7 kobolds
  2 quokkas
  4 rats
65 creatures vanquished.
